 Dungeon Crawl Stone Soup version 0.18.1-6-gd335043 (webtiles) character file.

37 Romlok the Grasshopper (level 3, 0/16 HPs)
             Began as a Felid Warper on May 16, 2016.
             Slain by an adder (4 damage)
             ... on level 2 of the Dungeon.
             The game lasted 00:13:00 (1535 turns).

Romlok the Grasshopper (Felid Warper)               Turns: 1535, Time: 00:13:01

Health: 0/16       AC:  1    Str:  8    XL:     3   Next: 21%
Magic:  2/7        EV: 18    Int: 14    God:
Gold:   82         SH:  0    Dex: 15    Spells: 2 memorised, 3 levels left
                                        Lives:  0   Deaths: 0

rFire  . . .     SeeInvis +       - Unarmed
rCold  . . .     Gourm    .     (armour unavailable)
rNeg   . . .     Faith    .     (shield unavailable)
rPois  .         Spirit   .     (helmet unavailable)
rElec  .         Dismiss  .     (cloak unavailable)
rCorr  .         Reflect  .     (gloves unavailable)
SustAt .         Harm     .     (boots unavailable)
MR     .....                    (no amulet)
Stlth  ++........               (no ring)
                                (no ring)

@: lethally poisoned (0 -> -5), very slightly contaminated, quick, not resistant
to hostile enchantments, unstealthy
A: no armour, no weapons or thrown items, claws 1, fangs 3, see invisible,
carnivore 3, speed 1, shaggy fur 1, slow metabolism 1, sharp paws
a: no special abilities


You were on level 2 of the Dungeon.
You were very full.

You visited 1 branch of the dungeon, and saw 2 of its levels.

You collected 82 gold pieces.

Inventory:

Scrolls
 b - a scroll of blinking
 d - 3 scrolls of teleportation
 g - a scroll of fog {unknown}
 h - 2 scrolls of identify {unknown}
Potions
 e - a potion of cancellation
Books
 a - a book of Spatial Translocations

   Spells                             Type                      Level
   a - Apportation                    Translocation                1
   b - Blink                          Translocation                2
   c - Shroud of Golubria             Charms/Translocation         2
   d - Portal Projectile              Translocation                3
   e - Teleport Other                 Translocation                3
   f - Passage of Golubria            Translocation                4
Comestibles
 c - 3 meat rations
 f - 3 chunks of flesh
 i - a beef jerky


   Skills:
 * Level 2.9 Fighting
 - Level 3.2 Dodging
 * Level 3.0 Unarmed Combat
 - Level 2.0 Spellcasting
 - Level 4.4 Translocations


You had 3 spell levels left.
You knew the following spells:

 Your Spells              Type           Power        Failure   Level  Hunger
a - Apportation           Tloc           ##........   4%          1    ##.....
c - Shroud of Golubria    Chrm/Tloc      #.........   17%         2    ###....


Dungeon Overview and Level Annotations

Branches:
Dungeon (2/15)

Altars:


Innate Abilities, Weirdness & Mutations

You cannot wear armour.
You are incapable of wielding weapons or throwing items.
You have sharp claws.
You have razor-sharp teeth.
You have supernaturally acute eyesight.
You are carnivorous and can eat meat at any time.
You cover ground quickly.
You are covered in fur (AC +1).
You have a slow metabolism.
Your sharp claws are effective at attacking unaware monsters.


Message History

Casting: Shroud of Golubria
Confirm with . or Enter, or press ? or * to list all spells.
You miscast Shroud of Golubria.
You are very lightly contaminated with residual magic.
Nothing appears to happen.
You feel sick. The adder bites you.
You are more poisoned.
The adder poisons you! The adder bites you.
Drink which item? (? for menu, Esc to quit)
Okay, then.
You barely miss the adder.
The adder is severely wounded.
The adder completely misses you.
You closely miss the adder.
The adder is severely wounded.
* * * LOW HITPOINT WARNING * * *
You feel sick. The adder closely misses you.
You miss the adder.
The adder is heavily wounded.
The adder bites you.
You die...

#..# #......#g.# #
##.# ######....# # #.#
#....# ### #.###
#....# ..# #....#
##..... #)## ####..##
###.## #..######
#..#### .?# ........#
#####....#.... #
####.##.###.$...@S...#
# #........######.###
# #.......## # #
##......# # ######..#
# ##..# # #..# # #..#
#%.


You could see an adder.

Vanquished Creatures
  An adder (D:2)
  A giant gecko (D:2)
  2 bats (D:1)
  6 goblins
  3 hobgoblins (D:1)
  2 ball pythons
  2 giant newts (D:1)
  3 kobolds (D:1)
  7 rats
27 creatures vanquished.

Notes
Turn   | Place    | Note
--------------------------------------------------------------
     0 | D:1      | Romlok the Felid Warper began the quest for the Orb.
     0 | D:1      | Reached XP level 1. HP: 9/9 MP: 4/4
   496 | D:1      | Reached XP level 2. HP: 10/13 MP: 6/6
   531 | D:1      | Learned a level 2 spell: Shroud of Golubria
  1491 | D:2      | Reached XP level 3. HP: 13/16 MP: 2/7
  1535 | D:2      | Slain by an adder

Skill      XL: |  1  2  3 |
---------------+----------+-----
Unarmed Combat | 3 |  3.0
Fighting       | |  2.9
Dodging        | |  3.2
Spellcasting   | |  2.0
Translocations | |  4.4

Action                   || total
-------------------------++-------
Melee: Unarmed           ||    70
       Bite              ||     2
 Cast: Shroud of Golubri ||    12
       Apportation       ||     4
  Use: Scroll            ||     2
       Potion            ||     2
 Stab: Sleeping          ||     5
       Distracted        ||     1
  Eat: Chunk             ||     9
Armor: Skin              ||     4
Dodge: Dodged            ||    48
